 Dungeon Crawl Stone Soup version 0.28-a0-657-g71136c5590 (webtiles) character file.

Game seed: 16095274889914633892

175 ytrimaz the Insei (level 5, 0/35 HPs)
             Began as an Octopode Transmuter on Oct 13, 2021.
             Slain by a mummy (17 damage)
             ... on level 4 of the Dungeon.
             The game lasted 00:05:10 (4355 turns).

ytrimaz the Insei (Octopode Transmuter)             Turns: 4355, Time: 00:05:10

Health: 0/35       AC:  2    Str: 10    XL:     5   Next: 55%
Magic:  1/8        EV: 19    Int: 16    God:
Gold:   753        SH:  0    Dex: 17    Spells: 4/8 levels left

rFire   . . .      SeeInvis .     - Unarmed
rCold   . . .      Faith    .   (shield currently unavailable)
rNeg    . . .      Spirit   .   (helmet currently unavailable)
rPois   x          Reflect  .   b - amulet of the acrobat
rElec   .          Harm     .   (no ring)
rCorr   .          Rampage  .   (no ring)
Will    .....                   (no ring)
Stlth   ++........              (no ring)
HPRegen 0.11/turn               (no ring)
MPRegen 0.11/turn               (no ring)
                                (no ring)
                                (no ring)

@: spider-form, very slightly contaminated
A: venomous fangs, almost no armour, (amphibious), 8 rings, tiny, (camouflage
1), (gelatinous body 1), (nimble swimmer 1), (tentacles)
a: End Transformation


You were on level 4 of the Dungeon.
You were a venomous arachnid creature.
You visited 1 branch of the dungeon, and saw 4 of its levels.

You collected 753 gold pieces.

Inventory:

Jewellery
 b - an amulet of the acrobat (around neck)
Scrolls
 a - 3 scrolls of enchant armour
 c - a scroll of teleportation {unknown}
 e - a scroll of enchant weapon {unknown}
 f - a scroll of identify {unknown}
 g - a scroll of amnesia {unknown}
Potions
 d - a potion of lignification {unknown}
 h - a potion of haste
 i - a potion of heal wounds {unknown}


   Skills:
 * Level 2.3 Fighting
 - Level 2.0 Dodging
 * Level 5.1 Unarmed Combat
 + Level 2.2 Spellcasting
 + Level 2.5 Transmutations
 + Level 0.2 Poison Magic


You had 4 spell levels left.
You knew the following spells:

 Your Spells              Type           Power      Damage    Failure   Level
a - Beastly Appendage     Tmut           18%        N/A       19%         1
b - Spider Form           Tmut/Pois      3%         N/A       56%         3

Your spell library contained the following spells:

 Spells                   Type           Power      Damage    Failure   Level
 Wereblood                Tmut           9%         N/A       26%         2
 Ice Form                 Ice/Tmut       5%         N/A       89%         4


Dungeon Overview and Level Annotations

Branches:
Dungeon (4/15)
 Temple: D:4-7

Altars:
Kikubaaqudgha
Okawaru
The Shining One


Innate Abilities, Weirdness & Mutations

You are a venomous arachnid creature.
You have poisonous fangs.
You are tiny and dextrous.
Your spellcasting is less reliable in this form.
Your armour is entirely melded.
You are incapable of wielding weapons or throwing items.
You cannot wear most types of armour.
((You are amphibious.))
You can wear up to eight rings at the same time.
((Your skin changes colour to match your surroundings (Stealth+).))
((Your rubbery body absorbs attacks. (AC +1, EV +1)))
((You are camouflaged near water. (Stealth+)))
((You have tentacles for arms and can constrict up to eight enemies at once.))


Message History

The hobgoblin zombie barely misses you.
You tentacle-slap the hobgoblin zombie. Your grab misses the hobgoblin zombie.
The hobgoblin zombie is severely damaged.
The hobgoblin zombie hits you.
You tentacle-slap the hobgoblin zombie but do no damage.
Your grab misses the hobgoblin zombie.
Your tentacle spike misses the hobgoblin zombie.
You tentacle-slap the hobgoblin zombie.
You destroy the hobgoblin zombie!
The helpless orc zombie fails to defend itself.
You tentacle-slap the orc zombie. You grab the orc zombie.
You pierce the orc zombie.
The orc zombie is heavily damaged.
You constrict the orc zombie. The orc zombie hits you.
You tentacle-slap the orc zombie but do no damage.
You tentacle-slap the orc zombie, but do no damage.
You squeeze the orc zombie.
You destroy the orc zombie!
A mummy comes into view.
Found a silvery potion and a fuming brown potion.
Your tentacle spike disappears.
You tentacle-slap the mummy. Your grab misses the mummy.
The mummy is lightly damaged.
The mummy hits you!
Casting: Beastly Appendage (safe; 7% risk of failure)
Confirm with . or Enter, or press ? or * to list all spells.
One of your tentacles grows a vicious spike.
Casting: Beastly Appendage (safe; 7% risk of failure)
Confirm with . or Enter, or press ? or * to list all spells.
The spell is quite dangerous to cast (34% risk of failure)!
Continue anyway?
You miscast Spider Form.
You are very lightly contaminated with residual magic.
Nothing appears to happen.
The mummy hits you.
Casting: Spider Form (quite dangerous; 34% risk of failure)
Confirm with . or Enter, or press ? or * to list all spells.
The spell is quite dangerous to cast (34% risk of failure)!
Continue anyway?
Your tentacle spike disappears.
You turn into a venomous arachnid creature.
You barely miss the mummy. The mummy hits you!
You die...

....P§§.# ...§§...#
...§§...##########
........#........##
.......)#.........#
.......)...##..##.#
...........#....#.#
...........#....#.#
...........####s#.#
...........#!!M.#.#
####.......######.#
#..............#
....(....########
####......# #......#
##......###############
.....................<#


You could see a mummy.

Vanquished Creatures
  A water moccasin skeleton (D:4)
  5 adders
  An adder zombie (D:4)
  2 worms (D:2)
  2 orcs (D:3)
  6 endoplasms
  5 giant cockroaches
  6 goblins (D:1)
  3 hobgoblins (D:1)
  12 kobolds
  7 quokkas
  3 ball pythons
  9 bats
  3 frilled lizards
  A hobgoblin zombie (D:4)
  2 kobold zombies (D:4)
  An orc zombie (D:4)
  A quokka zombie (D:4)
  8 rats
78 creatures vanquished.

Vanquished Creatures (others)
  4 fungi (D:3)
  3 withered plants (D:4)
7 creatures vanquished.

Grand Total: 85 creatures vanquished

Notes
Turn   | Place    | Note
-------+----------+-------------------------------------------
     0 | D:1      | ytrimaz the Octopode Transmuter began the quest for the
                  | Orb.
     0 | D:1      | Reached XP level 1. HP: 13/13 MP: 3/3
   144 | D:1      | Reached XP level 2. HP: 9/18 MP: 5/5
  1189 | D:1      | Reached XP level 3. HP: 23/23 MP: 6/6
  1669 | D:1      | Found a faded altar of an unknown god.
  2115 | D:1      | Identified a scroll of acquirement
  2115 | D:1      | Acquired 626 gold pieces
  2165 | D:2      | Found an ancient bone altar of Kikubaaqudgha.
  2172 | D:2      | Reached skill level 4 in Unarmed Combat
  2198 | D:2      | Learned a level 3 spell: Spider Form
  2602 | D:2      | Reached XP level 4. HP: 22/29 MP: 5/7
  3313 | D:3      | Found a glowing golden altar of the Shining One.
  3598 | D:3      | Found an iron altar of Okawaru.
  3789 | D:3      | Reached XP level 5. HP: 31/34 MP: 6/8
  4072 | D:4      | Reached skill level 5 in Unarmed Combat
  4355 | D:4      | Slain by a mummy

Illustrated notes

Levels and vault maps discovered:
D:1:      matt_arrival_diagonals, layout_basic, shapermc_ecumenical_altar_petra
D:2:      layout_basic, basic_altar, minmay_heptomino_o4
D:3:      layout_loops_ring, okawaru_gym_becter, mainiacjoe_overflow_chevrons
D:4:      layout_basic, serial_undead, serial_undead_f, serial_undead_b,
          serial_undead_b, serial_undead_b, minmay_mini_ossuary

Skill      XL: |  1  2  3  4  5 |
---------------+----------------+-----
Unarmed Combat | 4 5 |  5.1
Fighting       | 2 |  2.3
Dodging        | |  2.0
Spellcasting   | |  2.2
Transmutations | |  2.5
Poison Magic   | |  0.2

Action                   |  1- 3 |  4- 6 || total
-------------------------+-------+-------++-------
Melee: Unarmed           |   104 |    86 ||   190
       Constrict         |    32 |    20 ||    52
       Tentacles         |    21 |    11 ||    32
       Kick              |     5 |    12 ||    17
       Punch             |     1 |     2 ||     3
 Cast: Beastly Appendage |     7 |    10 ||    17
       Spider Form       |       |     4 ||     4
  Use: Scroll            |     4 |     1 ||     5
       Potion            |       |     1 ||     1
 Stab: Sleeping          |    10 |     4 ||    14
Armor: Skin              |    11 |     9 ||    20
Dodge: Dodged            |    79 |    70 ||   149

Table legend: (Time is in decaauts)
 A = Elapsed time spent in this place.
 B = Non-inter-level travel time spent in this place.
 C = Inter-level travel time spent in this place.
 D = Time resting spent in this place.
 E = Time spent auto-exploring this place.
 F = Levels seen in this place.
 G = Mean time per level.
                   A        B        C        D        E       F      G
               +--------+--------+--------+--------+--------+-----+--------+
         Total |   4318 |   4222 |     96 |    338 |   3201 |   4 | 1079.5 |
       Dungeon |   4318 |   4222 |     96 |    338 |   3201 |   4 | 1079.5 |
               +--------+--------+--------+--------+--------+-----+--------+

Top non-repeatable levels by time:
     D:1: 2114 daAuts
     D:2: 954 daAuts
     D:3: 919 daAuts
     D:4: 329 daAuts
